 Dungeon Crawl Stone Soup version 0.28-a0-1412-gf95308ed99 (webtiles) character file.

Game seed: 643668211564464065

573 chunkyMonkey the Sneak (level 7, 0/44 HPs)
             Began as a Kobold Brigand on Jan 6, 2022.
             Slain by a two-headed ogre (13 damage)
             ... on level 5 of the Dungeon.
             The game lasted 00:06:25 (6482 turns).

chunkyMonkey the Sneak (Kobold Brigand)             Turns: 6482, Time: 00:06:25

Health: 0/44       AC:  4    Str: 10    XL:     7   Next: 61%
Magic:  9/9        EV: 20    Int: 13    God:
Gold:   200        SH:  0    Dex: 16    Spells: 9/9 levels left

rFire   . . .      SeeInvis .   a - +2 dagger
rCold   . . .      Faith    .   (no shield)
rNeg    . . .      Spirit   .   b - +0 robe
rPois   .          Reflect  .   q - +0 helmet
rElec   .          Harm     .   c - +0 cloak
rCorr   .          Rampage  .   (no gloves)
Will    .....                   (no boots)
Stlth   ++++......              (no amulet)
HPRegen 0.14/turn               j - +4 ring of evasion
MPRegen 0.11/turn               o - ring of wizardry

@: no status effects
A: small, no large weapons, nightstalker 3
a: no special abilities


You were on level 5 of the Dungeon.
You visited 1 branch of the dungeon, and saw 5 of its levels.

You collected 200 gold pieces.

Inventory:

Hand Weapons
 a - a +2 dagger (weapon)
 i - a +2 hunting sling of flaming
 y - a +0 hand crossbow
Missiles
 d - 8 poisoned darts (quivered)
 l - 3 atropa-tipped darts
 r - a throwing net
 z - 10 bolts
Armour
 b - a +0 robe (worn)
 c - a +0 cloak (worn)
 q - a +0 helmet (worn)
Jewellery
 j - a +4 ring of evasion (left hand)
 o - a ring of wizardry (right hand)
 t - a ring of flight
Wands
 u - a wand of mindburst (10)
Scrolls
 g - 4 scrolls of identify {unknown}
 n - 2 scrolls of noise {unknown}
 p - a scroll of blinking {unknown}
 s - 2 scrolls of teleportation {unknown}
 v - a scroll of fog {unknown}
 w - a scroll of enchant armour {unknown}
 A - a scroll of enchant weapon {unknown}
 B - a scroll of fear {unknown}
Potions
 f - a potion of cancellation {unknown}
 h - a potion of heal wounds {unknown}
 k - a potion of degeneration {unknown}
 m - 2 potions of might {unknown}
 x - 2 potions of curing {unknown}


   Skills:
 * Level 4.4 Fighting
 * Level 4.7 Short Blades
 + Level 0.8 Crossbows
 - Level 3.0 Throwing
 * Level 2.5 Armour
 * Level 3.8 Dodging
 + Level 6.3 Stealth
 + Level 1.7 Spellcasting


You had 9 spell levels left.
You didn't know any spells.
Your spell library contained the following spells:

 Spells                   Type           Power      Damage    Failure   Level
 Apportation              Tloc           2%         N/A       11%         1
 Summon Small Mammal      Summ           4%         N/A       11%         1
 Call Canine Familiar     Summ           1%         N/A       30%         3
 Portal Projectile        Hex/Tloc       2%         N/A       30%         3
 Summon Guardian Golem    Hex/Summ       1%         N/A       30%         3
 Leda's Liquefaction      Hex/Erth       0%         N/A       67%         4
 Alistair's Intoxication  Tmut/Pois      0%         N/A       94%         5


Dungeon Overview and Level Annotations

Branches:
Dungeon (5/15)
 Temple: D:4-7

Altars:
Elyvilon
Nemelex Xobeh
Trog
Vehumet


Innate Abilities, Weirdness & Mutations

You are small and have problems with some larger weapons.
You are completely attuned to the shadows.


Message History

You throw a poisoned dart.
The poisoned dart hits the two-headed ogre.
The two-headed ogre is severely wounded.
The bullfrog zombie barely misses you.
You see here 2 poisoned darts.
d - 7 poisoned darts (gained 2)
The bullfrog zombie hits you but does no damage.
The bullfrog zombie hits you. The bullfrog zombie hits you.
The bullfrog zombie misses you.
Hit: a) +2 dagger
Press: ? - help, Dir - move target, f - bullfrog zombie, p - two-headed ogre
Aim: a bullfrog zombie (about 22% to evade your +2 dagger)
You completely miss the bullfrog zombie.
The bullfrog zombie hits you but does no damage.
The bullfrog zombie completely misses you.
The two-headed ogre closely misses you. x2
You see here a curare-tipped dart.
The bullfrog zombie hits you.
* * * LOW HITPOINT WARNING * * *
You see here a poisoned dart.
d - 8 poisoned darts (gained 1)
The two-headed ogre looks more healthy.
The bullfrog zombie misses you. The bullfrog zombie closely misses you.
The bullfrog zombie hits you.
* * * LOW HITPOINT WARNING * * *
You see here a curare-tipped dart.
e - a curare-tipped dart The bullfrog zombie barely misses you.
Throw: dart (curare)
Press: ? - help, Q - select action, (/) - cycle Shift-Dir - straight line, f/p - bullfrog zombie
Aim: a bullfrog zombie (73% to hit)
You throw a curare-tipped dart.
The curare-tipped dart hits the two-headed ogre.
The two-headed ogre is poisoned.
The two-headed ogre convulses.
The two-headed ogre seems to slow down.
The two-headed ogre is almost dead.
The two-headed ogre misses you.
The two-headed ogre hits you with a +0 giant club!
You die...

###########
......@(.?#
#####ZO##.#####
.....<........
####.###.###.#
#.....# #.#####
....## ....
....


You could see a two-headed ogre (very poisoned, slow) and a bullfrog zombie.

Vanquished Creatures
  Sigmund (D:3)
  2 ogres (D:4)
  A bullfrog zombie (D:5)
  Terence (D:3)
  Jessica (D:3)
  A centaur skeleton (D:5)
  An iguana (D:3)
  A howler monkey skeleton (D:4)
  4 adders
  3 adder skeletons
  A worm (D:2)
  A dart slug (D:3)
  An orc (D:3)
  4 ball pythons
  6 endoplasms
  6 giant cockroaches
  3 goblins
  2 hobgoblins
  6 jackals
  6 quokkas
  6 bats
  A frilled lizard (D:3)
  4 kobolds
  3 rats (D:2)
66 creatures vanquished.

Notes
Turn   | Place    | Note
-------+----------+-------------------------------------------
     0 | D:1      | chunkyMonkey the Kobold Brigand began the quest for the
                  | Orb.
     0 | D:1      | Reached XP level 1. HP: 12/12 MP: 1/1
   494 | D:1      | Reached XP level 2. HP: 18/18 MP: 2/2
   612 | D:1      | Found a faded altar of an unknown god.
   741 | D:1      | You fall into a shaft and drop 1 floor!
   871 | D:2      | Reached XP level 3. HP: 11/22 MP: 3/3
  1445 | D:2      | Found a sparkling altar of Nemelex Xobeh.
  1582 | D:2      | Reached XP level 4. HP: 12/27 MP: 4/4
  2156 | D:1      | Reached skill level 1 in Armour
  2634 | D:3      | Reached XP level 5. HP: 31/32 MP: 5/5
  2667 | D:3      | Found a radiant altar of Vehumet.
  2812 | D:3      | Noticed Terence
  2824 | D:3      | Killed Terence
  3250 | D:3      | Found a white marble altar of Elyvilon.
  3314 | D:3      | Noticed Sigmund
  3319 | D:3      | Killed Sigmund
  3320 | D:3      | Reached skill level 6 in Stealth
  3320 | D:3      | Reached skill level 1 in Spellcasting
  3320 | D:3      | Reached XP level 6. HP: 38/38 MP: 7/7
  3979 | D:3      | Noticed Jessica
  3988 | D:3      | Killed Jessica
  4750 | D:4      | Noticed an ogre
  4754 | D:4      | Killed an ogre
  4755 | D:4      | Reached XP level 7. HP: 43/43 MP: 7/9
  4937 | D:4      | Found a bloodstained altar of Trog.
  6153 | D:5      | Entered Level 5 of the Dungeon
  6418 | D:5      | Noticed a two-headed ogre
  6482 | D:5      | Slain by a two-headed ogre

Illustrated notes

Levels and vault maps discovered:
D:1:      nzn_arrival_crosshair, layout_rooms,
          shapermc_ecumenical_altar_mp_highgroup, minmay_worlds_worst_comb
D:2:      minmay_wonky_spiral, layout_rooms, basic_altar,
          amcnicky_mini_rare_corridor_liquid
D:3:      layout_loops_ring, fiery_altar_vehumet, amcnicky_altar_gilded,
          ebering_dispersal_statue_hall, uniq_sigmund, uniq_jessica,
          uniq_terence
D:4:      layout_rooms, mainiacjoe_overflow_alcove_4, serial_co_window_serial,
          co_window_corner_a, co_window_paths_a, co_window_corner_a,
          co_window_corner_a, co_window_paths_b, co_window_corner_ca,
          co_window_broadway_c, co_window_broadway_a, co_window_corner_cb,
          co_window_of_opportunity_c, co_window_corner_b, glass_columns_b,
          glass_columns_b
D:5:      layout_basic, kennysheep_slug_shrine,
          nicolae_qazlal_style_of_elements, guppyfry_shop_venom, uniq_duvessa

Skill      XL: |  1  2  3  4  5  6 |
---------------+-------------------+-----
Short Blades   | 3 4 |  4.7
Fighting       | 3 4 |  4.4
Dodging        | 2 3 |  3.8
Armour         | 1 2 |  2.5
Stealth        | 6 |  6.3
Spellcasting   | 1 |  1.7
Throwing       | 3 |  3.0
Crossbows      | |  0.8

Action                   |  1- 3 |  4- 6 |  7- 9 || total
-------------------------+-------+-------+-------++-------
Melee: Dagger            |    55 |    87 |    60 ||   202
       Punch             |       |     3 |     1 ||     4
Throw: Dart              |     4 |    10 |    15 ||    29
 Stab: Sleeping          |    15 |    17 |     1 ||    33
       Invisible         |       |       |     1 ||     1
Armor: Robe              |     4 |     5 |    12 ||    21
Dodge: Dodged            |    29 |    64 |    67 ||   160

Table legend: (Time is in decaauts)
 A = Elapsed time spent in this place.
 B = Non-inter-level travel time spent in this place.
 C = Inter-level travel time spent in this place.
 D = Time resting spent in this place.
 E = Time spent auto-exploring this place.
 F = Levels seen in this place.
 G = Mean time per level.
                   A        B        C        D        E       F      G
               +--------+--------+--------+--------+--------+-----+--------+
         Total |   6439 |   6341 |     98 |   3135 |   2542 |   5 | 1287.8 |
       Dungeon |   6439 |   6341 |     98 |   3135 |   2542 |   5 | 1287.8 |
               +--------+--------+--------+--------+--------+-----+--------+

Top non-repeatable levels by time:
     D:3: 2178 daAuts
     D:2: 1503 daAuts
     D:4: 1474 daAuts
     D:1: 961 daAuts
     D:5: 321 daAuts
